General information
- name: BNet
- type: Ladder 1vs1/FFA
- host: Battle.net
- saver: bygoditsanegro
map: MeltingValley
- players: 2
- length: 13:52
- speed: Fast
- version: 1.23 W3XP
- replay type: Public
» download(40 KB)
Players
team 1 (loser)
toymachinary (
red | 51 APM | 701 actions | 13:51)
3 Tauren Chieftain
1 Endurance Aura
2 Shockwave
» actions
| Assign group hotkey | 7 | |
| Build / train | 41 | |
| Enter build submenu | 23 | |
| Enter hero's abilities submenu | 3 | |
| Remove unit from queue | 2 | |
| Right click | 272 | |
| Select / deselect | 285 | |
| Select group hotkey | 25 | |
| Use ability | 43 | |
701 total
» units
» upgrades
| Armor | 1 | |
| Melee Weapons | 1 | |
| Spiked Barricades | 1 | |
| Berserker Strength | 1 | |
| Ranged Weapons | 1 | |
5 total
» buildings
| Altar of Storms | 1 | |
| Orc Burrow | 5 | |
| Barracks | 1 | |
| Voodoo Lounge | 1 | |
| War Mill | 1 | |
| Stronghold | 1 | |
| Watch Tower | 11 | |
| Beastiary | 1 | |
22 total
» build order
00:04 Altar of Storms
00:23 Orc Burrow
00:37 Barracks
01:21 Orc Burrow
01:48 Voodoo Lounge
02:29 War Mill
03:39 Orc Burrow
05:48 Orc Burrow
07:06 Stronghold
07:20 Watch Tower
07:23 Watch Tower
07:32 Watch Tower
07:35 Watch Tower
07:41 Watch Tower
08:47 Watch Tower
09:18 Watch Tower
10:16 Beastiary
11:43 Orc Burrow
12:22 Watch Tower
12:55 Watch Tower
12:57 Watch Tower
13:34 Watch Tower
» items
| Healing Salve | 3 | |
| Scroll of Speed | 1 | |
| Potion of Healing | 1 | |
5 total
team 2 (winner)
bygoditsanegro (
purple | 63 APM | 875 actions | 13:52)
6 Warden
3 Shadow Strike
2 Blink
1 Spirit of Vengeance
» actions
| Assign group hotkey | 22 | |
| Basic commands | 10 | |
| Build / train | 41 | |
| ESC pressed | 3 | |
| Enter build submenu | 13 | |
| Enter hero's abilities submenu | 7 | |
| Remove unit from queue | 1 | |
| Right click | 394 | |
| Select / deselect | 234 | |
| Select group hotkey | 82 | |
| Use ability | 68 | |
875 total
» units
| Wisp | 10 | |
| Huntress | 6 | |
| Druid of the Claw | 9 | |
| Dryad | 1 | |
26 total
» upgrades
| Druid of the Claw Training | 2 | |
2 total
» buildings
| Altar of Elders | 1 | |
| Moon Well | 4 | |
| Hunter's Hall | 1 | |
| Ancient of War | 2 | |
| Tree of Ages | 1 | |
| Ancient of Lore | 2 | |
| Tree of Eternity | 3 | |
| Ancient of Wind | 1 | |
15 total
» build order
00:07 Altar of Elders
00:17 Moon Well
01:34 Hunter's Hall
01:37 Ancient of War
01:52 Moon Well
02:06 Moon Well
02:36 Ancient of War
03:40 Tree of Ages
05:34 Moon Well
06:04 Ancient of Lore
06:05 Ancient of Lore
06:49 Tree of Eternity
06:49 Tree of Eternity
12:49 Ancient of Wind
Chat log
(00:50 / All) bygoditsanegro: gl hf
(00:55 / All) toymachinary: u 2